 Dungeon Crawl Stone Soup version 0.31-a0-1-g4198be8af4 (webtiles) character file.

Game seed: 2587196181180501964

3378 kae the Martial Artist (level 10, -4/85 HPs)
             Began as a Merfolk Transmuter on May 1, 2023.
             Was a Follower of Ru.
             Killed from afar by an electric eel (7 damage)
             ... with a bolt of electricity
             ... in a bailey.
             The game lasted 00:08:18 (7529 turns).

kae the Martial Artist (Merfolk Transmuter)         Turns: 7529, Time: 00:08:19

Health: -4/85      AC:  8    Str: 11    XL:     10   Next: 3%
Magic:  18/19      EV: 12    Int: 17    God:    Ru [*.....]
Gold:   333        SH:  0    Dex: 14    Spells: 11/21 levels left

rFire   x . .        i - melded +0 dagger (protect)
rCold   + + +        (shield currently unavailable)
rNeg    . . .        a - melded +1 robe
rPois   +            (helmet currently unavailable)
rElec   .            (cloak currently unavailable)
rCorr   .            (gloves currently unavailable)
SInv    .            (boots currently unavailable)
Will    .....        (no amulet)
Stlth   +            C - ring of protection from cold
HPRegen 0.34/turn    (no ring)
MPRegen 0.16/turn

%: no passive effects
@: ice-form
A: freezing attack, boosted hp, large, inability to train armour, (nimble
swimmer 2), (mertail)
a: End Transformation, Renounce Religion


You were in a bailey.
You worshipped Ru.
Ru was aware of your devotion.
You were a creature of crystalline ice.
You visited 2 branches of the dungeon, and saw 8 of its levels.
You also visited: Sewer and Bailey.

You collected 333 gold pieces.


Innate Abilities, Weirdness & Mutations

You are a creature of crystalline ice.
You have a powerful freezing melee attack.
Your maximum health is increased.
Your armour is entirely melded.
You are incapable of wielding weapons or throwing items.
You cannot train Armour skill.
((You are very nimble when in or above water. (Stealth+, EV+, Speed+++)))
((Your lower body shifts to a powerful aquatic tail in water.))


   Skills:
 + Level 3.9 Fighting
 + Level 5.2 Dodging
 * Level 8.7 Unarmed Combat
 + Level 6.0 Spellcasting
 + Level 8.6 Transmutations
 - Level 6.0 Ice Magic
 - Level 2.0 Poison Magic


You had 11 spell levels left.
You knew the following spells:

 Your Spells              Type           Power      Damage    Failure   Level
a - Beastly Appendage     Tmut           68%        N/A       1%          1
b - Wereblood             Tmut           34%        N/A       1%          2
c - Spider Form           Tmut/Pois      23%        N/A       4%          3
d - Ice Form              Ice/Tmut       30%        N/A       6%          4

Your spell library contained the following spells:

 Spells                   Type           Power      Damage    Failure   Level
 Call Canine Familiar     Summ           5%         N/A       36%         3
 Portal Projectile        Hex/Tloc       10%        N/A       36%         3
 Leda's Liquefaction      Hex/Erth       2%         N/A       77%         4

Inventory:

Hand Weapons
 f - a +0 short sword
   (You took it off a kobold on level 1 of the Dungeon)
 i - a +0 dagger of protection (melded)
   (You found it on level 1 of the Dungeon)
 m - a +1 whip of flaming
   (You found it on level 2 of the Dungeon)
Missiles
 e - 61 stones
 l - 2 javelins
 p - 11 poisoned darts
 w - a boomerang
 z - a throwing net {=f!f}
Armour
 a - a +1 robe (melded)
Magical Staves
 y - the staff of poison "Ydet" {rPois Dex+3, !a}
   (You found it on level 6 of the Dungeon)

   [staff of poison]

   Base accuracy: +5 Base damage: 5 Base attack delay: 1.2 This weapon's minimum
   attack delay (0.6) is reached at skill level 12.
   Dex:       It affects your dexterity (+3).
   rPois:     It protects you from poison.
   It falls into the 'Staves' category.
   It is a one-handed weapon.
Jewellery
 C - a ring of protection from cold (left front paw)
   (You found it on level 3 of the Dungeon)
 F - a ring of fire
   (You found it on level 2 of the Dungeon)
Wands
 g - a wand of roots (9)
   (You took it off Grinder on level 4 of the Dungeon)
 v - a wand of paralysis (12)
   (You found it on level 5 of the Dungeon)
Scrolls
 c - 7 scrolls of identify {@r1}
 h - a scroll of amnesia
 j - 5 scrolls of teleportation {@r4}
 k - 3 scrolls of enchant armour
 n - a scroll of blinking {!r}
 q - a scroll of vulnerability {!r!r}
 r - 2 scrolls of fear
Potions
 b - 6 potions of lignification {!q}
 d - 5 potions of degeneration {!q}
 o - 5 potions of mutation {!q}
 s - a potion of invisibility
 t - a potion of heal wounds {@q2}
 u - 2 potions of curing {@q1}
 x - a potion of resistance
 A - a potion of might

Dungeon Overview and Level Annotations

Branches:
Dungeon (7/15) Zot: 26880  Temple (1/1) D:5 Zot: 5837   Sewer (visited)
 Bailey (1/1) Zot: 5828

Altars:
Cheibriados
Dithmenos
Fedhas
Kikubaaqudgha
Makhleb
Okawaru
Qazlal
Ru
Trog
Wu Jian
Yredelemnul
The Shining One

Annotations:
D:4 Eustachio

#≈≈≈≈≈# #≈≈≈≈≈#
########### #≈≈≈≈≈#
..........+ #≈≈≈≈≈#
~~~~~~~~~~######≈≈≈≈≈#
≈≈≈≈≈≈≈≈≈≈≈≈≈≈≈≈≈≈≈S≈#
≈≈≈≈≈≈≈≈≈≈≈≈≈≈≈≈≈≈≈≈≈#
≈≈≈≈≈≈≈≈≈≈≈≈≈≈≈≈YS≈≈≈#
≈≈≈≈≈≈≈≈≈≈≈≈≈≈≈≈≈≈≈≈≈#
≈≈≈≈≈≈≈≈≈≈≈≈≈≈≈≈≈≈≈≈≈#
≈≈≈≈≈≈≈≈≈≈≈≈≈≈≈≈≈≈≈≈≈#
≈≈≈≈≈≈≈≈≈≈≈≈≈≈≈≈≈≈≈≈≈#
≈≈≈≈≈≈≈≈≈≈≈≈≈≈≈≈≈≈≈≈≈#
######################


You could see 2 electric eels.


Message History

You kill the electric eel! 😮 HP[+1] MP[+1]
You start resting. 😮 HP[+2] MP[+1]
You regained 2 hp, and now have 54/85 hp.
Your mp is fully restored (19).
You start resting.
Your transformation is almost over.
You warm up again.
Your +0 dagger of protection unmelds from your body.
Your +1 robe unmelds from your body.
Your +0 dagger of protection hums with potential!
Your legs become a tail as you dive into the water. 😕 HP[+3]
You now have 71 max hp (-14).
You regained 3 hp, and now have 57/71 hp.
You start resting. 😕 HP[+3]
You regained 3 hp, and now have 60/71 hp.
You start resting. 😎 HP[+11]
Your hp is fully restored (71).
Casting: Ice Form (dangerous; 6% risk of failure)
Confirm with . or Enter, or press ? or * to list all spells.
You turn into a creature of crystalline ice.
Your +0 dagger of protection melds into your body.
Your +1 robe melds into your body.
Your +0 dagger of protection goes still. 😎 HP[+14] MP[-4]
You now have 85 max hp (+14).
Your hp is fully restored (85).
You lost 4 mp, and now have 15/19 mp.
An electric eel comes into view. 😎 MP[+1]
You punch the electric eel! You freeze the electric eel.
The electric eel shoots out a bolt of lightning at you!
The bolt of electricity hits you!
You punch the electric eel! You freeze the electric eel.
You kill the electric eel! 😕 HP[-6]
You take 6 damage, and now have 79/85 hp.
No target in view!
No target in view!
No target in view!
No target in view! 😕 MP[+1] 😕 HP[+1]
An electric eel comes into view.
An electric eel comes into view. 😕 HP[+1]
The electric eel shoots out a bolt of lightning at you!
The bolt of electricity misses you.
The electric eel shoots out a bolt of lightning at you!
The bolt of electricity hits you!
The electric eel shoots out a bolt of lightning at you!
The bolt of electricity hits you!
You are too injured to fight recklessly! 😮 HP[-22] MP[+1]
You take 22 damage, and now have 59/85 hp.
MASSIVE DAMAGE!! (PAUSE)
The electric eel shoots out a bolt of lightning at you!
The bolt of electricity hits the electric eel.
The electric eel completely resists.
The bolt of electricity hits you! 😮 HP[-6]
You take 6 damage, and now have 53/85 hp.
You punch the electric eel! You freeze the electric eel.
The electric eel shoots out a bolt of lightning at you!
The bolt of electricity hits you!
* * * LOW HITPOINT WARNING * * *
The electric eel shoots out a bolt of lightning at you!
The bolt of electricity hits the electric eel.
The electric eel completely resists.
The bolt of electricity hits you!
* * * LOW HITPOINT WARNING * * *
😨 HP[-19]
You take 19 damage, and now have 34/85 hp.
MASSIVE DAMAGE!! (PAUSE)
You barely miss the electric eel.
The electric eel shoots out a bolt of lightning at you!
The bolt of electricity hits you!
* * * LOW HITPOINT WARNING * * *
The electric eel shoots out a bolt of lightning at you!
The bolt of electricity hits the electric eel.
The electric eel completely resists.
The bolt of electricity hits you!
* * * LOW HITPOINT WARNING * * *
😱 HP[-23]
You take 23 damage, and now have 11/85 hp.
MASSIVE DAMAGE!! (PAUSE)
You barely miss the electric eel. 😱 HP[+1] Unknown command.
You completely miss the electric eel.
The electric eel shoots out a bolt of lightning at you!
The bolt of electricity hits you!
* * * LOW HITPOINT WARNING * * *
😱 HP[-9]
You take 9 damage, and now have 3/85 hp.
Unknown command.
You barely miss the electric eel.
The electric eel shoots out a bolt of lightning at you!
The bolt of electricity hits you!
You die...

Skill      XL: |  1  2  3  4  5  6  7  8  9 |
---------------+----------------------------+-----
Transmutations | 3 4 5 6 7 8 |  8.6
Poison Magic   | 1 2 |  2.0
Unarmed Combat | 4 5 6 8 |  8.7
Spellcasting   | 3 4 5 6 |  6.0
Ice Magic      | 2 4 6 |  6.0
Dodging        | 3 5 |  5.2
Fighting       | 3 |  3.9

Action                     |  1- 3 |  4- 6 |  7- 9 | 10-12 || total
---------------------------+-------+-------+-------+-------++-------
  Melee: Unarmed           |    25 |   103 |   223 |    13 ||   364
         Headbutt          |    21 |     1 |       |       ||    22
         Punch             |     8 |       |     1 |       ||     9
         Dagger            |   169 |    28 |     6 |     3 ||   206
         Short sword       |    26 |       |       |       ||    26
         Tailslap          |     2 |       |       |     1 ||     3
   Cast: Beastly Appendage |    29 |     4 |       |       ||    33
         Spider Form       |     1 |    18 |     9 |       ||    28
         Wereblood         |       |     3 |    10 |       ||    13
         Ice Form          |       |     1 |    19 |     2 ||    22
 Invoke: Sacrifice Durabil |       |       |     1 |       ||     1
    Use: Scroll            |     1 |     9 |     2 |     1 ||    13
         Potion            |       |     7 |       |       ||     7
   Stab: Sleeping          |     1 |       |       |       ||     1
 Armour: Robe              |   100 |     3 |     3 |       ||   106
         Skin              |       |     6 |    62 |     1 ||    69
  Dodge: Dodged            |   196 |    97 |   200 |     3 ||   496

Levels and vault maps discovered:
D:1:      dpeg_arrival_rhombus, layout_loops_ring,
          ebering_ecumenical_altar_ruins
D:2:      layout_basic, serial_curves, eino_curves_01, eino_curves_01
D:3:      layout_loops_ring, nicolae_wu_jian_glorious_leap,
          kennysheep_slug_shrine, gup_sewer_entry_pipe, palyth_stone_intersect,
          uniq_sigmund
D:4:      layout_rooms, uniq_grinder, uniq_eustachio
D:5:      layout_cave_pods, kennysheep_okawaru_gauntlet,
          minmay_temple_entry_sparse_star, hex_medium, uniq_pikel
D:6:      layout_basic, serial_glass, glass_columns_b, glass_columns_c,
          glass_columns_c, glass_columns_b, item_on_display_a
D:7:      layout_basic, enter_bailey_3, uniq_joseph
Temple:   nicolae_temple_bog_church
Bailey:   bailey_axe_of_yendor_kennysheep, bailey

Notes
Turn   | Place    | Note
-------+----------+-------------------------------------------
     0 | D:1      | kae the Merfolk Transmuter began the quest for the Orb.
     0 | D:1      | Reached XP level 1. HP: 15/15 MP: 3/3
     0 | D:1      | magus.rc [v1.11.3]
   140 | D:1      | Reached XP level 2. HP: 13/21 MP: 3/5
   153 | D:1      | Reached skill level 3 in Transmutations
   365 | D:1      | Reached skill level 1 in Poison Magic
   381 | D:1      | You pick up a book of the Hunter and begin reading...
   381 | D:1      | You add the spells Call Canine Familiar, Portal Projectile
                  | and Leda's Liquefaction to your library.
   493 | D:1      | Found a faded altar of an unknown god.
   627 | D:1      | You fall into a shaft and drop 1 floor!
   893 | D:1      | Learned a level 2 spell: Wereblood
   897 | D:1      | Reached XP level 3. HP: 26/26 MP: 4/6
   901 | D:1      | Learned a level 3 spell: Spider Form
  1865 | D:3      | Found a glowing drain.
  1957 | D:3      | Reached XP level 4. HP: 22/32 MP: 5/7
  1979 | Sewer    | Entered a sewer
  2003 | Sewer    | Reached skill level 4 in Unarmed Combat
  2004 | Sewer    | Reached skill level 2 in Poison Magic
  2177 | Sewer    | Reached skill level 4 in Transmutations
  2334 | D:3      | Found a snail-covered altar of Cheibriados.
  2347 | D:3      | Reached XP level 5. HP: 33/37 MP: 7/9
  2366 | D:3      | Noticed Sigmund
  2379 | D:3      | HP: 8/37 [something (7)]
  2381 | D:3      | Killed Sigmund
  2382 | D:3      | Reached skill level 3 in Spellcasting
  2382 | D:3      | Reached skill level 5 in Transmutations
  2382 | D:3      | Reached XP level 6. HP: 10/43 MP: 7/11
  2523 | D:3      | Learned a level 4 spell: Ice Form
  2775 | D:3      | Found an ornate altar of the Wu Jian Council.
  3057 | D:3      | Reached skill level 5 in Unarmed Combat
  3476 | D:4      | HP: 6/43 [something/magic dart (7)]
  3485 | D:4      | Reached skill level 1 in Ice Magic
  3488 | D:4      | HP: 10/43 [something (2)]
  3494 | D:4      | HP: 9/43 [something (1)]
  3674 | D:4      | Noticed Grinder
  3697 | D:4      | Killed Grinder
  3698 | D:4      | Reached skill level 4 in Spellcasting
  3698 | D:4      | Reached skill level 2 in Ice Magic
  3698 | D:4      | Reached XP level 7. HP: 32/48 MP: 3/13
  4092 | D:4      | Reached skill level 3 in Ice Magic
  4264 | D:4      | Noticed Eustachio
  4495 | D:5      | Entered Level 5 of the Dungeon
  4616 | D:5      | Reached skill level 6 in Transmutations
  4876 | D:5      | Found a staircase to the Ecumenical Temple.
  4887 | D:5      | Reached skill level 4 in Ice Magic
  4887 | D:5      | Reached XP level 8. HP: 54/54 MP: 10/14
  4887 | D:5      | Noticed Pikel
  4903 | D:5      | Killed Pikel
  4904 | D:5      | Reached skill level 6 in Unarmed Combat
  4904 | D:5      | Reached skill level 5 in Ice Magic
  4919 | Temple   | Entered the Ecumenical Temple
  5089 | Temple   | Became a worshipper of Ru the Awakened
  5146 | D:5      | Reached skill level 7 in Transmutations
  5162 | D:5      | Reached skill level 5 in Spellcasting
  5298 | D:5      | Reached skill level 6 in Ice Magic
  5419 | D:5      | Reached skill level 3 in Dodging
  5419 | D:5      | Reached XP level 9. HP: 55/59 MP: 11/16
  5552 | D:5      | Reached skill level 7 in Unarmed Combat
  5556 | D:5      | Found an iron altar of Okawaru.
  5659 | D:5      | Reached skill level 2 in Fighting
  6237 | D:6      | Reached skill level 4 in Dodging
  6300 | D:6      | Identified the staff of poison "Ydet" {rPois Dex+3}
  6529 | D:6      | Reached skill level 8 in Transmutations
  6531 | D:6      | You pick up a book of the Hunter and begin reading...
  6618 | D:6      | HP: 14/74 [gnoll/+0 halberd[a gnoll bouda] (8)]
  6621 | D:6      | Reached skill level 3 in Fighting
  6897 | D:6      | Reached skill level 8 in Unarmed Combat
  7206 | D:6      | Gained mutation: You cannot train Armour skill. [Ru
                  | sacrifice]
  7206 | D:6      | Reached * piety under Ru
  7288 | D:7      | Reached skill level 5 in Dodging
  7324 | D:7      | Reached skill level 6 in Spellcasting
  7324 | D:7      | Reached XP level 10. HP: 68/71 MP: 17/19
  7339 | D:7      | Found a flagged portal.
  7352 | Bailey   | Entered a bailey
  7526 | Bailey   | HP: 11/85 [electric eel/bolt of electricity (11)]
  7528 | Bailey   | HP: 3/85 [electric eel/bolt of electricity (9)]
  7529 | Bailey   | Killed from afar by an electric eel

Vanquished Creatures
  Pikel (D:5)
  Grinder (D:4)
  Sigmund (D:3)
  A steam dragon (D:6)
  A water moccasin (D:7)
  2 sky beasts
  A black bear (D:5)
  3 ice beasts
  An ogre (D:5)
  A centaur (D:5)
  A lemure (D:5)
  3 phantoms
  A kobold brigand (D:6)
  A bullfrog (D:6)
  5 scorpions
  3 wights (D:7)
  3 electric eels (Bailey)
  A howler monkey (D:7)
  A jelly (D:5)
  3 orc priests
  A gnoll bouda (D:6)
  5 hounds (D:5)
  An iguana (D:6)
  A hell rat (Sewer)
  2 orc wizards
  4 gnolls (D:6)
  5 adders
  3 river rats (Sewer)
  2 ufetubi (D:5)
  2 worms
  4 dart slugs
  22 orcs
  3 endoplasms
  11 giant cockroaches
  10 goblins
  5 hobgoblins
  2 jackals (D:1)
  6 quokkas
  7 ball pythons
  5 bats
  5 frilled lizards
  14 kobolds
  13 rats
168 creatures vanquished.

Vanquished Creatures (others)
  A wight (D:7)
1 creature vanquished.

Grand Total: 169 creatures vanquished

Table legend:
 A = Non-vault XP
 B = Vault XP
 C = Vault XP percentage of total XP
 D = Non-vault monster count
 E = Vault monster count
 F = Vault count percentage of total count
                 A         B        C        D         E       F
            +---------+---------+-------+---------+---------+-------
      Total |    3409 |    1418 |  29.4 |     137 |      31 |  18.5
            +---------+---------+-------+---------+---------+-------
        D:1 |      24 |       0 |   0.0 |      16 |       0 |   0.0
        D:2 |      38 |       0 |   0.0 |      15 |       0 |   0.0
        D:3 |      53 |     251 |  82.6 |      18 |      10 |  35.7
        D:4 |     215 |     249 |  53.7 |      24 |       1 |   4.0
        D:5 |    1201 |     667 |  35.7 |      22 |       3 |  12.0
        D:6 |    1225 |       0 |   0.0 |      34 |       0 |   0.0
        D:7 |     653 |       7 |   1.1 |       8 |       4 |  33.3
      Sewer |       0 |      79 | 100.0 |       0 |      10 | 100.0
     Bailey |       0 |     165 | 100.0 |       0 |       3 | 100.0
            +---------+---------+-------+---------+---------+-------

Skill      XL: |  1  2  3  4  5  6  7  8  9 |
---------------+----------------------------+-----
Transmutations | 3 4 5 6 7 8 |  8.6
Poison Magic   | 1 2 |  2.0
Unarmed Combat | 4 5 6 8 |  8.7
Spellcasting   | 3 4 5 6 |  6.0
Ice Magic      | 2 4 6 |  6.0
Dodging        | 3 5 |  5.2
Fighting       | 3 |  3.9

Action                     |  1- 3 |  4- 6 |  7- 9 | 10-12 || total
---------------------------+-------+-------+-------+-------++-------
  Melee: Unarmed           |    25 |   103 |   223 |    13 ||   364
         Headbutt          |    21 |     1 |       |       ||    22
         Punch             |     8 |       |     1 |       ||     9
         Dagger            |   169 |    28 |     6 |     3 ||   206
         Short sword       |    26 |       |       |       ||    26
         Tailslap          |     2 |       |       |     1 ||     3
   Cast: Beastly Appendage |    29 |     4 |       |       ||    33
         Spider Form       |     1 |    18 |     9 |       ||    28
         Wereblood         |       |     3 |    10 |       ||    13
         Ice Form          |       |     1 |    19 |     2 ||    22
 Invoke: Sacrifice Durabil |       |       |     1 |       ||     1
    Use: Scroll            |     1 |     9 |     2 |     1 ||    13
         Potion            |       |     7 |       |       ||     7
   Stab: Sleeping          |     1 |       |       |       ||     1
 Armour: Robe              |   100 |     3 |     3 |       ||   106
         Skin              |       |     6 |    62 |     1 ||    69
  Dodge: Dodged            |   196 |    97 |   200 |     3 ||   496

Illustrated notes

Table legend:
 A = Kills in this place as a percentage of kills in the entire game.
 B = Kills by you in this place as a percentage of kills by you in the entire game.
 C = Kills by friends in this place as a percentage of kills by friends in the entire game.
 D = Other kills in this place as a percentage of other kills in the entire game.
 E = Experience gained in this place as a percentage of experience gained in the entire game.
 F = Experience gained in this place divided by the number of levels of this place that you have seen.
                   A       B       C       D       E      F
               +-------+-------+-------+-------+-------+----------------------
         Total | 100.0 | 100.0 |   N/A | 100.0 | 100.0 | 482.7
       Dungeon |  92.3 |  92.2 |   N/A | 100.0 |  94.9 | 654.7
         Sewer |   6.0 |   6.0 |   N/A |   0.0 |   1.6 |  79.0
        Bailey |   1.8 |   1.8 |   N/A |   0.0 |   3.4 | 165.0
               +-------+-------+-------+-------+-------+----------------------

Table legend: (Time is in decaauts)
 A = Elapsed time spent in this place.
 B = Non-inter-level travel time spent in this place.
 C = Inter-level travel time spent in this place.
 D = Time resting spent in this place.
 E = Time spent auto-exploring this place.
 F = Levels seen in this place.
 G = Mean time per level.
                   A        B        C        D        E       F      G
               +--------+--------+--------+--------+--------+-----+--------+
         Total |   7417 |   7113 |    304 |    243 |   5408 |  10 |  741.7 |
       Dungeon |   6847 |   6579 |    268 |     86 |   5180 |   7 |  978.1 |
        Temple |    162 |    127 |     35 |      0 |    119 |   1 |  162.0 |
         Sewer |    236 |    236 |      0 |     66 |     87 |   1 |  236.0 |
        Bailey |    170 |    170 |      0 |     91 |     21 |   1 |  170.0 |
               +--------+--------+--------+--------+--------+-----+--------+

Top non-repeatable levels by time:
     D:3: 1464 daAuts
     D:5: 1425 daAuts
     D:6: 1101 daAuts
     D:2: 1032 daAuts
     D:4: 913 daAuts
     D:1: 796 daAuts
   Sewer: 236 daAuts
  Bailey: 170 daAuts
  Temple: 162 daAuts
     D:7: 114 daAuts
